 Dungeon Crawl Stone Soup version 0.19-a0-1920-g83281cb (webtiles) character file.

85817 Amnesiac the Thrower (level 16, -8/107 HPs)
             Began as a Halfling Monk on Oct 23, 2016.
             Was the Champion of Dithmenos.
             Mangled by a soul eater (10 damage)
             ... summoned by an orc sorcerer
             ... while paralysed by an orc sorcerer
             ... on level 2 of the Orcish Mines on Oct 24, 2016.
             The game lasted 01:55:10 (39657 turns).

Amnesiac the Thrower (Halfling Monk)               Turns: 39657, Time: 01:55:11

Health: -8/107     AC: 12    Str: 12    XL:     16   Next: 32%
Magic:  23/23      EV:  3    Int:  8    God:    Dithmenos [******]
Gold:   2815       SH:  0    Dex: 24    Spells: 5 memorised, 14 levels left

rFire  + + .     SeeInvis .     h - +2 quick blade
rCold  x . .     Gourm    .     Z - +0 mottled dragon scales
rNeg   . . .     Faith    +     E - +0 buckler
rPois  .         Spirit   .     (helmet restricted)
rElec  .         Reflect  .     k - +0 cloak
rCorr  .         Harm     .     (no gloves)
MR     +....                    (no boots)
Stlth  +++++++++.               p - amulet of faith
                                M - +5 ring of protection
                                u - ring of fire

@: paralysed, wreathed by umbra, drained
A: antennae 1, fire resistance 1, mutation resistance 1, sense surroundings 1,
subdued magic 1
a: Shadow Step, Shadow Form, Renounce Religion


You were on level 2 of the Orcish Mines.
You worshipped Dithmenos.
Dithmenos was exalted by your worship.
You were not hungry.

You visited 3 branches of the dungeon, and saw 22 of its levels.
You also visited: Ossuary and Bailey.

You collected 2815 gold pieces.

Inventory:

Hand Weapons
 e - a +5 blowgun
 h - a +2 quick blade (weapon)
Missiles
 r - 2 needles of sleeping
 x - 3 needles of frenzy
 S - 25 poisoned needles
Armour
 k - a +0 cloak (worn)
 w - a +0 troll leather armour
 E - a +0 buckler (worn)
 Z - +0 mottled dragon scales (worn)
Rods
 z - a +0 rod of shadows (12/12)
   (You found it on level 7 of the Dungeon)
Jewellery
 p - an amulet of faith (around neck)
 u - a ring of fire (left hand)
 G - an uncursed ring of stealth
 M - a +5 ring of protection (right hand)
 T - an uncursed ring of flight
 W - an uncursed ring of protection from cold
Wands
 n - a wand of disintegration (1/24)
 F - a wand of acid (8/15)
 K - a wand of iceblast (8/15)
 N - a wand of paralysis (17/24)
 U - a wand of disintegration (4/24)
 V - a wand of lightning (12/15)
Scrolls
 d - 4 scrolls of recharging
 g - 7 scrolls of teleportation
 l - 5 scrolls of magic mapping
 s - 12 scrolls of remove curse
 t - 2 scrolls of fog
 v - 2 scrolls of amnesia
 I - 2 scrolls of enchant armour
 Q - a scroll of vulnerability
 R - a scroll of blinking
Potions
 f - a potion of agility
 i - a potion of haste
 j - 2 potions of ambrosia
 o - 2 potions of brilliance
 B - 2 potions of cure mutation
 C - 2 potions of lignification
 D - a potion of berserk rage
 O - 2 potions of magic
Miscellaneous
 b - a fan of gales
Comestibles
 c - 6 bread rations
 m - 8 meat rations
 A - 4 beef jerkies
 H - 4 royal jellies
 Y - 7 fruits


   Skills:
 - Level 8.8(7.9) Fighting
 - Level 10.0(9.1) Short Blades
 - Level 14.0(13.0) Throwing
 - Level 3.4(2.7) Armour
 - Level 7.1(6.2) Dodging
 - Level 14.0(13.0) Stealth
 - Level 5.6(4.8) Shields
 + Level 4.7(3.9) Spellcasting
 - Level 2.0(1.3) Conjurations
 - Level 3.2(2.5) Charms
 - Level 3.1(2.3) Summonings
 - Level 4.0(3.2) Translocations
 - Level 4.0(3.2) Transmutations
 - Level 6.0(5.1) Air Magic
 - Level 4.4(3.7) Earth Magic
 - Level 1.0(0.3) Poison Magic
 - Level 7.5(6.6) Invocations


You had 14 spell levels left.
You knew the following spells:

 Your Spells              Type           Power        Failure   Level  Hunger
a - Repel Missiles        Chrm/Air       #.....       14%         2    ###....
b - Blink                 Tloc           N/A          17%         2    ###....
c - Summon Butterflies    Summ           #.......     17%         1    #......
e - Mephitic Cloud        Conj/Pois/Air  #.......     58%         3    ###....
v - Passwall              Tmut/Erth      #.........   17%         2    ###....


Dungeon Overview and Level Annotations

Branches:
Dungeon (14/15)            Temple (0/1) D:4            Lair (6/6) D:10
  Swamp (0/4) Lair:2       Spider (0/4) Lair:2        Slime (0/5) Lair:6
    Orc (2/2) D:11            Elf (0/3) Orc:2        Vaults (0/5) D:14

Altars:
Cheibriados
Dithmenos
Elyvilon
Fedhas
Makhleb
Okawaru
Vehumet
Xom
The Shining One

Shops:
D:6 !   D:12 }(*=?

Portals:
Hell: Lair:6

Annotations:
D:14 Nessos, Urug


Innate Abilities, Weirdness & Mutations

You are small and have problems with some larger weapons.
You are somewhat resistant to further mutation.
You have a pair of small antennae on your head.
Your flesh is heat resistant. (rF+)
You passively map a small area around you.
Your spells are a little easier to cast, but a little less powerful.


Message History

The soul eater hits you!!
You feel drained.
The orc sorcerer hits you but does no damage.
The orc sorcerer gestures wildly while chanting.
The orc warrior hits you but does no damage.
The soul eater hits you!
You feel drained.
The orc warrior hits you with a scimitar.
The orc priest calls down the wrath of Beogh upon you.
Beogh smites you!
* * * LOW HITPOINT WARNING * * *
The orc sorcerer hits you with a dagger.
* * * LOW HITPOINT WARNING * * *
You hear a shout!
The orc warrior hits you from afar with a trident.
* * * LOW HITPOINT WARNING * * *
The soul eater draws from the surrounding life force!
* * * LOW HITPOINT WARNING * * *
The orc warrior hits you but does no damage.
The orc sorcerer hits you but does no damage.
The soul eater hits you!
You die...

...##..[).....## #.#.#.#.......§§
...#...[....### #...$.#...o....
...........## ##.#.#.....o..§
..)........# ### ##..4.(........
...[.[....####.####..............
.......####...[.##oo(..(.$.3..oo.
#...[[## #....[[##oo..((.....o...
#......####..[[)o3oo(...$..$.....
...[...[..#[..#)@ooo.............
.........[.)[..#############.....
............#.## .....
...#....[....## ...o.
.###..........## ** #.......
..###..[....#..# ,, #.......
..##........#.## * , ##......o
...##......#### * .........
...##.......# , .........


You could see a soul eater, a rust devil, 2 orc sorcerers, 4 orc warriors, an
orc priest and 3 orcs.

Vanquished Creatures
  3 orc warlords
  Snorg (Lair:6)
  Josephine (D:11)
  11 hydras
  Fannar (D:12)
  A centaur warrior (D:13)
  3 death yaks (Lair:5)
  3 orc high priests (Orc:2)
  Nergalle (Lair:2)
  A sun demon (Lair:6)
  A sixfirhy (Lair:6)
  An unseen horror (D:11)
  4 hill giants
  2 wizards
  Pikel (D:7)
  5 orc knights
  4 ugly things
  2 deep elf magi
  An orc sorcerer (Orc:2)
  A cyclops (D:13)
  A manticore (D:14)
  2 centaur zombies
  5 black mambas
  9 elephants
  19 spiny frogs
  A smoke demon (Lair:6)
  2 orange demons (Lair:6)
  3 rime drakes
  A tengu conjurer (D:14)
  14 komodo dragons
  2 ice devils (Lair:6)
  A redback zombie (D:13)
  5 trolls
  3 red devils (Lair:6)
  A polar bear (Lair:4)
  2 jumping spiders (Lair:2)
  24 blink frogs
  A hornet (D:12)
  3 two-headed ogres
  A merfolk (D:10)
  2 slime creatures
  Prince Ribbit (D:8)
  17 hippogriffs
  11 dream sheep
  A redback (Lair:2)
  2 wyverns
  3 basilisks
  A spriggan (D:10)
  5 humans
  6 wraiths
  40 yaks
  A steam dragon (D:10)
  A hungry ghost (D:13)
  A mottled dragon (D:14)
  3 vampire mosquitoes
  A warg (Orc:2)
  A soldier ant (D:12)
  18 water moccasins
  10 porcupines
  A hornet zombie (D:10)
  3 ice beasts
  4 sky beasts
  4 slaves (D:7)
  35 orc warriors
  2 phantoms
  2 eyes of draining
  10 ogres
  14 wolves
  3 centaurs
  21 crocodiles
  15 bullfrogs
  A wyvern zombie (D:9)
  A gnoll sergeant (D:6)
  5 scorpions
  2 water moccasin skeletons
  16 killer bees
  15 wights
  8 howler monkeys
  5 crimson imps
  10 jellies
  A quasit (D:8)
  A bullfrog zombie (D:5)
  A centaur skeleton (D:4)
  2 hounds
  A human zombie (Ossuary)
  30 orc priests
  6 iguanas (D:10)
  27 orc wizards
  8 worker ants
  2 hound zombies
  2 hound skeletons
  3 mummies (Ossuary)
  15 gnolls
  10 adders
  2 shadow imps
  12 oozes
  An adder zombie (Ossuary)
  An adder skeleton (D:9)
  2 worms
  4 dart slugs
  7 leopard geckos
  109 orcs
  5 giant cockroaches
  33 goblins
  19 hobgoblins
  4 jackals
  8 kobolds
  A quokka (D:5)
  A ball python (D:1)
  11 bats
  6 frilled lizards
  2 goblin zombies (Ossuary)
  A leopard gecko zombie (D:6)
  7 rats
  2 fungi (Lair:5)
797 creatures vanquished.

Vanquished Creatures (collateral kills)
  An orc knight (Bailey)
  2 slime creatures (D:14)
  2 shadows
  2 vampire mosquitoes
  A necrophage (D:12)
  A centaur (D:8)
  A bullfrog (D:13)
  2 wights (D:9)
  A hound (D:12)
  An orc wizard (D:6)
  A worker ant (D:12)
15 creatures vanquished.

Vanquished Creatures (others)
  An orc wizard (D:6)
  A gnoll (D:6)
  An orc (Orc:2)
  21 fungi
  9 plants
33 creatures vanquished.

Grand Total: 845 creatures vanquished

Notes
Turn   | Place    | Note
-------+----------+-------------------------------------------
     0 | D:1      | Amnesiac the Halfling Monk began the quest for the Orb.
     0 | D:1      | Reached XP level 1. HP: 15/15 MP: 1/1
     3 | D:1      | Noticed a vampire
     3 | D:1      | Noticed an octopode
     5 | D:1      | Noticed a tengu
     7 | D:1      | Noticed a demigod
     9 | D:1      | Noticed a spriggan
     9 | D:1      | Noticed a centaur
    11 | D:1      | Noticed a gargoyle
    11 | D:1      | Noticed a merfolk
    13 | D:1      | Noticed a human
    13 | D:1      | Noticed a minotaur
    15 | D:1      | Noticed a dwarf
    15 | D:1      | Noticed a felid
    17 | D:1      | Noticed a formicid
    17 | D:1      | Noticed an ogre
    19 | D:1      | Noticed a vine stalker
    19 | D:1      | Noticed a demonspawn
    21 | D:1      | Noticed a draconian
    23 | D:1      | Noticed a halfling
    23 | D:1      | Noticed an elf
    25 | D:1      | Noticed a naga
    27 | D:1      | Noticed a ghoul
    27 | D:1      | Noticed a troll
   344 | D:1      | Reached XP level 2. HP: 20/20 MP: 2/2
   606 | D:2      | Reached XP level 3. HP: 8/25 MP: 3/3
  1137 | D:4      | Found a shadowy altar of Dithmenos.
  1145 | D:4      | Became a worshipper of Dithmenos the Shadowed
  1145 | D:4      | Reached * piety under Dithmenos
  1145 | D:4      | Reached ** piety under Dithmenos
  1203 | D:4      | Reached skill level 5 in Stealth
  1203 | D:4      | Reached XP level 4. HP: 23/30 MP: 4/4
  1320 | D:4      | Found a staircase to the Ecumenical Temple.
  1384 | D:4      | Reached XP level 5. HP: 35/35 MP: 5/5
  2578 | D:2      | Reached *** piety under Dithmenos
  3191 | D:3      | Reached XP level 6. HP: 42/42 MP: 6/6
  3524 | D:4      | Reached skill level 1 in Throwing
  3755 | D:5      | Entered Level 5 of the Dungeon
  3763 | D:5      | Found a sand-covered staircase.
  3863 | Ossuary  | Entered an ossuary
  4324 | Ossuary  | Noticed Philosophy's ghost (amateur CeHu)
  4881 | D:5      | Reached XP level 7. HP: 6/46 MP: 7/7
  5315 | D:5      | Reached skill level 5 in Dodging
  6386 | D:6      | Found Mowal's Distillery.
  6487 | D:6      | Reached XP level 8. HP: 52/52 MP: 8/8
  6628 | D:6      | Reached **** piety under Dithmenos
  7079 | D:6      | Found a white marble altar of Elyvilon.
  7200 | D:6      | Found a glowing golden altar of the Shining One.
  7433 | D:7      | Reached skill level 10 in Stealth
  7483 | D:7      | Reached XP level 9. HP: 56/56 MP: 9/9
  7638 | D:7      | Noticed a hill giant
  7662 | D:7      | Reached skill level 5 in Short Blades
  7919 | D:7      | Found a snail-covered altar of Cheibriados.
  8431 | D:8      | Identified a +0 rod of shadows (12/12) (You found it on level 7 of the Dungeon)
  8469 | D:8      | Reached skill level 5 in Throwing
  8483 | D:8      | Found a blossoming altar of Fedhas.
  8855 | D:8      | Killed a hill giant
  9005 | D:7      | Reached XP level 10. HP: 63/63 MP: 10/10
  9040 | D:7      | Noticed Pikel
  9079 | D:7      | Killed Pikel
 10294 | D:8      | Noticed Prince Ribbit
 10298 | D:8      | Killed Prince Ribbit
 10493 | D:9      | Reached skill level 10 in Short Blades
 10623 | D:9      | Reached ***** piety under Dithmenos
 10834 | D:9      | Found a radiant altar of Vehumet.
 10839 | D:9      | Got a shadowed robe
 10850 | D:9      | Identified the cursed +0 robe of Ru's Approval {rF+ rN+ Int-3} (You found it on level 9 of the Dungeon)
 11508 | D:9      | Found an iron altar of Okawaru.
 11728 | D:10     | Entered Level 10 of the Dungeon
 12131 | D:9      | Reached skill level 1 in Shields
 12738 | D:10     | Reached XP level 11. HP: 59/67 MP: 11/11
 13172 | D:10     | Reached skill level 5 in Shields
 13316 | D:10     | Found a staircase to the Lair.
 13720 | D:11     | Identified a scroll of acquirement
 13722 | D:11     | Got a polished rapier
 13723 | D:11     | Identified the +3 rapier "Halfling's Regret" {antimagic, rF+} (You acquired it on level 11 of the Dungeon)
 13807 | D:11     | Found a staircase to the Orcish Mines.
 13838 | D:11     | Noticed a wizard
 13841 | D:11     | Noticed a deep elf mage
 13844 | D:11     | Killed a wizard
 13846 | D:11     | Killed a deep elf mage
 13850 | D:11     | Identified the Grimoire of Sand
 13933 | D:11     | Reached skill level 5 in Invocations
 13967 | D:11     | Noticed a green ugly thing
 14130 | D:11     | Killed a green ugly thing
 14137 | D:11     | Gained mutation: Your flesh is heat resistant. (rF+) [mutagenic meat]
 14293 | D:11     | Killed an unseen horror
 14547 | D:11     | Noticed a seven-headed hydra
 14955 | D:11     | Noticed a red ugly thing
 15072 | D:11     | Noticed a green ugly thing
 15081 | D:11     | Killed a green ugly thing
 15115 | D:11     | Noticed Josephine
 15173 | D:11     | Killed a red ugly thing
 15173 | D:11     | Reached XP level 12. HP: 49/72 MP: 17/17
 15181 | D:11     | Gained mutation: You passively map a small area around you. [mutagenic meat]
 15182 | D:11     | Gained mutation: Your spells are a little easier to cast, but a little less powerful. [mutagenic meat]
 15207 | D:11     | Killed Josephine
 15207 | D:11     | Reached skill level 10 in Throwing
 15387 | D:11     | Identified the Almanac of Axaxaxas mlö
 15394 | D:11     | Identified the Grimoire of Plaster Cramp
 15399 | D:11     | Learned a level 2 spell: Repel Missiles
 15402 | D:11     | Learned a level 2 spell: Blink
 15408 | D:11     | Learned a level 3 spell: Mephitic Cloud
 15720 | D:12     | Found Agireask's Magic Scroll Boutique.
 15758 | D:12     | Found Juhihucaow's General Store.
 15887 | D:12     | Found Mynemnua's Weapon Boutique.
 15888 | D:12     | Found Awiosevo's Gadget Shop.
 15989 | D:12     | Found a flagged portal.
 16117 | Bailey   | Entered a bailey
 16981 | Bailey   | Noticed an orc warlord
 17634 | Bailey   | Killed an orc warlord
 17826 | D:12     | Noticed Fannar
 17830 | D:12     | Killed Fannar
 17940 | D:12     | Found Doicuapt's Jewellery Shop.
 18269 | D:13     | Reached XP level 13. HP: 77/77 MP: 10/18
 18356 | D:13     | Reached ****** piety under Dithmenos
 18981 | D:13     | Noticed a centaur warrior
 18985 | D:13     | Killed a centaur warrior
 19113 | D:13     | Killed a seven-headed hydra
 19125 | D:14     | Found a gate to the Vaults.
 19125 | D:14     | Noticed Urug
 19134 | D:14     | Noticed Nessos
 19745 | D:14     | Found a glowing golden altar of the Shining One.
 20641 | Lair:1   | Entered Level 1 of the Lair of Beasts
 21502 | Lair:1   | Reached skill level 1 in Armour
 21736 | Lair:1   | Learned a level 1 spell: Summon Butterflies
 22343 | D:8      | Gained mutation: You have a pair of small antennae on your head. [potion of beneficial mutation]
 23631 | Lair:2   | Noticed a six-headed hydra
 23647 | Lair:2   | Killed a six-headed hydra
 23820 | Lair:2   | Found a staircase to the Swamp.
 23902 | Lair:2   | Found a hole to the Spider Nest.
 23917 | Lair:2   | Reached XP level 14. HP: 72/83 MP: 19/19
 24046 | Lair:2   | Noticed Nergalle
 24050 | Lair:2   | Killed Nergalle
 24519 | Lair:3   | Reached skill level 5 in Fighting
 24683 | Lair:3   | You fall through a shaft for 3 floors!
 24683 | Lair:6   | Entered Level 6 of the Lair of Beasts
 24995 | Lair:5   | Found a shimmering altar of Xom.
 27119 | Lair:4   | Learned a level 2 spell: Passwall
 27277 | Lair:5   | Reached skill level 1 in Spellcasting
 27372 | Lair:5   | Reached skill level 1 in Transmutations
 27405 | Lair:5   | Reached skill level 1 in Earth Magic
 27442 | Lair:5   | Reached skill level 1 in Summonings
 28099 | Lair:5   | Reached XP level 15. HP: 63/100 MP: 20/20
 29442 | Lair:6   | Noticed Snorg
 29446 | Lair:6   | Killed Snorg
 29446 | Lair:6   | Reached skill level 1 in Air Magic
 29603 | Lair:5   | Reached skill level 1 in Translocations
 31443 | Lair:5   | HP: 3/100 [dream sheep (25)]
 31855 | Lair:5   | Reached skill level 1 in Conjurations
 31980 | Lair:5   | Reached skill level 1 in Poison Magic
 32272 | Lair:6   | Reached skill level 1 in Charms
 32316 | Lair:6   | Upgraded the game from 0.19-a0-1908-g43c011f to 0.19-a0-1920-g83281cb
 33283 | Lair:6   | Found a staircase to the Slime Pits.
 33743 | Lair:6   | Found a burning altar of Makhleb.
 33744 | Lair:6   | Found a gateway to Hell.
 33877 | Lair:6   | Reached skill level 5 in Air Magic
 34848 | Orc:1    | Entered Level 1 of the Orcish Mines
 34937 | Orc:1    | Reached XP level 16. HP: 48/107 MP: 13/21
 35563 | Orc:2    | Entered Level 2 of the Orcish Mines
 36071 | Orc:2    | Found a staircase to the Elven Halls.
 36478 | Orc:2    | HP: 3/107 [soul eater/drain life[an orc high priest] (11)]
 37019 | Orc:1    | HP: 5/107 [poisoned by an orc warrior]
 37024 | Orc:1    | HP: 5/107 [poisoned by an orc warrior]
 37031 | Orc:1    | HP: 4/107 [poisoned by an orc warrior]
 37039 | Orc:1    | HP: 5/107 [poisoned by an orc warrior]
 38241 | Orc:2    | Paralysed by an orc sorcerer for 2 turns
 39112 | Orc:2    | HP: 2/107 [orc sorcerer/bolt of fire (5)]
 39653 | Orc:2    | Paralysed by an orc sorcerer for 4 turns
 39656 | Orc:2    | HP: 2/107 [soul eater/drain life[an orc sorcerer] (13)]
 39657 | Orc:2    | Mangled by a soul eater

Vault maps used:
D:1:      kb_arrival_jail
D:4:      nicolae_dithmenos_shadow_blocks, first_bread
D:5:      nicolae_ossuary_entry_ruins
D:6:      overflow_temple_1_default, nicolae_overflow_hidden_temple,
          serial_shops, shop, kennysheep_generic_room_9
D:7:      kennysheep_mini_moat, uniq_pikel
D:8:      minmay_goldmine, kennysheep_little_box, uniq_prince_ribbit1
D:9:      overflow_temple_1_default, okawaru_altar_gauntlet_db
D:10:     erik_lair_dragon, hangedman_stone_soup
D:11:     orc_0_dummy, serial_glass, glass_columns_a, glass_columns_b,
          bh_hangedman_babel_library, uniq_josephine
D:12:     enter_bailey_8, serial_shops, shop, nicolae_shop_behind_doors,
          nicolae_shop_temple_entry_statues_fountains, shop, shop_statue,
          uniq_fannar
D:14:     david_vaults_3, basic_altar, uniq_azrael
Lair:1:   guppyfry_lair_drakes
Lair:2:   swamp_mist_pool, spider_nest_entry_funnel_web, uniq_nergalle
Lair:3:   grunt_megastairs_3, infiniplex_staircase_pool_2
Lair:4:   lemuel_slime
Lair:5:   basic_altar, uniq_nessos
Lair:6:   evil_forest, dpeg_slime_entry_corner, serial_bayou_shore_b,
          grunt_megastairs_4, lemuel_fruit_fields, uniq_snorg
Orc:1:    nicolae_orc_lava_room
Orc:2:    st_orc_congregation
Ossuary:  ossuary_minmay_chase
Bailey:   bailey_axe_minmay_hex_keep, bailey

Skill      XL: |  1  2  3  4  5  6  7  8  9 10 11 12 13 14 15 16 |
---------------+-------------------------------------------------+-----
Stealth        | 3 4 5 6 10 13 14 | 14.0
Short Blades   | 4 7 10 | 10.0
Fighting       | 3 8 |  8.8
Throwing       | 3 6 9 13 14 | 14.0
Dodging        | 4 6 7 |  7.1
Shields        | 3 5 |  5.6
Invocations    | 7 |  7.5
Armour         | 3 |  3.4
Spellcasting   | 1 4 |  4.7
Transmutations | 1 4 |  4.0
Earth Magic    | 1 4 |  4.4
Summonings     | 3 |  3.1
Air Magic      | 6 |  6.0
Translocations | 4 |  4.0
Conjurations   | 1 2 |  2.0
Poison Magic   | 1 |  1.0
Charms         | 3 |  3.2

Action                   |  1- 3 |  4- 6 |  7- 9 | 10-12 | 13-15 | 16-18 || total
-------------------------+-------+-------+-------+-------+-------+-------++-------
Melee: Short sword       |    75 |   167 |       |       |       |       ||   242
       Dagger            |     3 |   220 |   228 |   909 |  2101 |       ||  3461
       Blowgun           |       |       |       |     1 |       |       ||     1
       Quick blade       |       |       |       |       |   136 |   911 ||  1047
 Fire: Blowgun           |       |       |   143 |   186 |    21 |       ||   350
Throw: Tomahawk          |       |       |     7 |    71 |   239 |    54 ||   371
 Cast: Repel Missiles    |       |       |       |     1 |     1 |       ||     2
       Blink             |       |       |       |       |     1 |     4 ||     5
       Summon Butterflie |       |       |       |       |     1 |       ||     1
       Passwall          |       |       |       |       |       |     6 ||     6
Invok: Shadow Step       |       |       |       |     1 |     8 |       ||     9
       Shadow Form       |       |       |       |       |     2 |     1 ||     3
Evoke: Rod               |       |       |     1 |    17 |    15 |       ||    33
       Wand              |       |       |       |       |    10 |     2 ||    12
  Use: Scroll            |     4 |     8 |     3 |    12 |    19 |     6 ||    52
       Potion            |       |     6 |       |     2 |    13 |    11 ||    32
 Stab: Sleeping          |     6 |    22 |    20 |    37 |    91 |    12 ||   188
       Distracted        |       |       |     3 |     9 |    14 |     4 ||    30
       Invisible         |       |       |       |       |    27 |    26 ||    53
  Eat: Chunk             |       |     9 |    10 |    24 |    52 |     8 ||   103
       Meat ration       |       |     1 |       |     2 |       |       ||     3
       Pizza             |       |     1 |       |       |     1 |       ||     2
       Fruit             |       |       |     1 |     8 |       |       ||     9
       Bread ration      |       |       |       |       |     2 |     2 ||     4
       Royal jelly       |       |       |       |       |     1 |       ||     1
Armor: Robe              |     8 |     9 |    10 |    25 |     1 |       ||    53
       Skin              |       |       |       |    10 |       |       ||    10
       Mottled dragon sc |       |       |       |       |   195 |    68 ||   263
       Troll leather arm |       |       |       |       |    12 |       ||    12
       Ring mail         |       |       |       |       |     3 |       ||     3
Dodge: Dodged            |    68 |   244 |   169 |   489 |  1123 |   292 ||  2385
       Deflected         |       |       |       |       |     1 |     1 ||     2
Block: Buckler           |       |       |       |   106 |   453 |   166 ||   725
